 Dungeon Crawl Stone Soup version 0.17-a0-1020-ge683cc4 (webtiles) character file.

289 Ngotmuk the Chopper (level 6, 0/57 HPs)
             Began as a Deep Dwarf Fighter on May 17, 2015.
             Slain by an ogre
             ... wielding a +0 giant spiked club
              (7 damage)
             ... on level 4 of the Dungeon.
             The game lasted 00:07:09 (1864 turns).

Ngotmuk the Chopper (Deep Dwarf Fighter)            Turns: 1864, Time: 00:07:09

Health: 0/57       AC:  9    Str: 20    XL:     6   Next: 9%
Magic:  6/6        EV:  8    Int:  9    God:
Gold:   200        SH:  9    Dex: 13    Spells: 0 memorised, 5 levels left

rFire  . . .     SeeInvis .     a - +0 war axe
rCold  + . .     Clarity  .     r - +1 ring mail {rC+}
rNeg   . . .     SustAb   .     c - +0 shield
rPois  .         Gourm    .     q - +1 helmet
rElec  .         Spirit   .     (no cloak)
rCorr  .         Warding  .     (no gloves)
rMut   .         Stasis   .     (no boots)
MR     .....                    (no amulet)
Stlth  +.........               (no ring)
                                (no ring)

@: non-regenerating, not resistant to hostile enchantments, very unstealthy
A: damage resistance, recharge devices, sense surroundings 1, slow healing 3
a: Device Recharging


You were on level 4 of the Dungeon.
You were not hungry.

You visited 1 branch of the dungeon, and saw 4 of its levels.

You collected 200 gold pieces.

Inventory:

Hand weapons
 a - a +0 war axe (weapon)
Armour
 c - a +0 shield (worn)
 q - a +1 helmet (worn)
 r - a +1 ring mail of cold resistance (worn)
Magical devices
 e - a wand of heal wounds (3)
 t - a wand of disintegration (4)
Scrolls
 b - 3 scrolls of teleportation {unknown}
 g - a scroll of magic mapping {unknown}
 h - a scroll of noise {unknown}
 j - 5 scrolls of identify {unknown}
 n - 2 scrolls of immolation {unknown}
 o - 2 scrolls of enchant weapon {unknown}
Potions
 d - 2 potions of might
 i - a potion of mutation {unknown}
 k - a potion of degeneration {unknown}
 l - 2 potions of curing {unknown}
 m - 2 potions of magic {unknown}
 p - a potion of resistance {unknown}
 s - a potion of lignification {unknown}
Comestibles
 f - 3 bread rations


   Skills:
 * Level 4.2 Fighting
 * Level 4.5 Axes
 + Level 4.0 Armour
 + Level 4.3 Shields


You had 5 spell levels left.
You didn't know any spells.

Dungeon Overview and Level Annotations

Branches:
Dungeon (4/15)
 Temple: D:4-7

Altars:
Fedhas
Okawaru
Trog


Innate Abilities, Weirdness & Mutations

You are resistant to damage.
You can recharge devices by infusing magical energy.
You passively map a small area around you.
You do not heal naturally.


Message History

j - 5 scrolls labeled REYZIORAXTY (gained 1) Why would you want to do that?
You open the door.
A hobgoblin, an ogre and a skeleton come into view.
The ogre shouts!
The hobgoblin shouts!
Found a hand axe.
Found a bloodstained altar of Trog.
The bat skeleton hits you.
The bat skeleton hits you but does no damage.
The bat skeleton barely misses you.
There is an open door here.
You slash the bat skeleton!
You destroy the bat skeleton!
You hit the ogre.
The ogre is lightly wounded.
The ogre hits you with a giant spiked club!!
* * * LOW HITPOINT WARNING * * *
You slash the ogre!
The ogre is moderately wounded.
The ogre hits you with a giant spiked club!
You die...

#.....#.# #.....#.#
#.#...<.. ##.#.....#
####### #..#.##.## .#*
#.....#####.##.((.#. ,
[...+§....'..(>..#<##.#.
#§≈§§≈.≈§≈≈§##..#....#.
*
#≈####@####≈##..#.####.
* *
#≈≈≈O≈≈≈####......##.
#⌠§).g..§⌠####+#......
##≈.._..≈##......).### ,
* #§§.....≈⌠#...).)### *
##§§≈≈§≈≈##...†)...# ,
###⌠#⌠####.....##.# ,, ,
## ## #......##.# ,
#####'#)..#


You could see an ogre and a hobgoblin.

Vanquished Creatures
  A phantom (D:4)
  A hound (D:4)
  An orc wizard (D:4)
  Jessica (D:2)
  Robin (D:2)
  2 adders
  5 worms
  A giant gecko (D:1)
  5 orcs
  3 bats
  A bat skeleton (D:4)
  15 goblins
  5 hobgoblins
  9 kobolds
  3 ball pythons (D:2)
  6 giant cockroaches
  2 giant newts (D:2)
  6 jackals (D:3)
  6 rats
  A toadstool (D:1)
75 creatures vanquished.

Vanquished Creatures (others)
  3 toadstools (D:1)
3 creatures vanquished.

Grand Total: 78 creatures vanquished

Notes
Turn   | Place    | Note
--------------------------------------------------------------
     0 | D:1      | Ngotmuk the Deep Dwarf Fighter began the quest for the Orb.
     0 | D:1      | Reached XP level 1. HP: 20/20 MP: 1/1
   762 | D:1      | Reached XP level 2. HP: 18/28 MP: 2/2
   788 | D:2      | Noticed Jessica
   800 | D:2      | Killed Jessica
   800 | D:2      | Reached XP level 3. HP: 20/34 MP: 3/3
   959 | D:2      | Noticed Robin
   964 | D:2      | Reached XP level 4. HP: 17/42 MP: 4/4
   971 | D:2      | Killed Robin
  1120 | D:2      | Reached skill level 4 in Shields
  1387 | D:3      | Found an iron altar of Okawaru.
  1569 | D:3      | Noticed an ice beast
  1645 | D:4      | Found a blossoming altar of Fedhas.
  1657 | D:4      | Reached XP level 5. HP: 44/50 MP: 5/5
  1721 | D:4      | Noticed a phantom
  1768 | D:4      | Killed a phantom
  1793 | D:4      | Reached XP level 6. HP: 27/57 MP: 6/6
  1860 | D:4      | Found a bloodstained altar of Trog.
  1860 | D:4      | Noticed an ogre
  1864 | D:4      | Slain by an ogre

Vault maps used:
D:1:      ldierk_water_garden, dk_noncrumbling_3, st_stairs_13, minivault_5,
          serial_bayou_ford_a, hangedman_glass_teeth
D:2:      first_bread, uniq_jessica, uniq_robin
D:3:      okawaru_ov_weapons_minmay, portal_sewer_entry_e
D:4:      lightli_temple_of_fire, nicolae_ru_path_of_blood, fedhas_altar_1

Action                   |  1- 3 |  4- 6 || total
-------------------------+-------+-------++-------
Melee: War axe           |    64 |   166 ||   230
Evoke: Wand              |       |     2 ||     2
  Eat: Meat ration       |       |     1 ||     1
